 Dungeon Crawl Stone Soup version 0.18-a0-1649-g8d9735b (webtiles) character file.

114 namelastname112 the Chopper (level 4, -1/37 HPs)
             Began as a Draconian Gladiator on Mar 29, 2016.
             Was an Initiate of Okawaru.
             Slain by an orc priest
             ... wielding a +0 trident
              (11 damage)
             ... on level 3 of the Dungeon.
             The game lasted 00:02:49 (1643 turns).

namelastname112 the Chopper (Draconian Gladiator)   Turns: 1643, Time: 00:02:50

Health: -1/37      AC:  8    Str: 17    XL:     4   Next: 67%
Magic:  4/4        EV: 13    Int:  9    God:    Okawaru [......]
Gold:   59         SH:  0    Dex: 12    Spells: 0 memorised, 3 levels left

rFire  . . .     SeeInvis .     t - +2 war axe (freeze)
rCold  . . .     Gourm    .     (armour unavailable)
rNeg   . . .     Faith    .     (no shield)
rPois  .         Spirit   .     b - +0 hat
rElec  .         Dismiss  .     o - +0 cloak
rCorr  .         Reflect  .     p - +0 pair of gloves
SustAt .         Harm     .     g - +0 pair of boots
MR     .....                    (no amulet)
Stlth  +.........               (no ring)
                                (no ring)

@: not resistant to hostile enchantments, very unstealthy
A: unfitting armour, cold-blooded, AC +5
a: Renounce Religion


You were on level 3 of the Dungeon.
You worshipped Okawaru.
Okawaru was noncommittal.
You were hungry.

You visited 1 branch of the dungeon, and saw 3 of its levels.

You collected 59 gold pieces.

Inventory:

Hand Weapons
 t - a +2 war axe of freezing (weapon)
Missiles
 c - 3 throwing nets (quivered)
Armour
 b - a +0 hat (worn)
 g - a +0 pair of boots (worn)
 o - a +0 cloak (worn)
 p - a +0 pair of gloves (worn)
Wands
 n - a wand of paralysis (18/24)
Scrolls
 e - a scroll of teleportation {unknown}
 h - a scroll of noise {unknown}
 l - a scroll of recharging {unknown}
 m - 5 scrolls of identify {unknown}
 r - a scroll of random uselessness {unknown}
 s - a scroll of magic mapping {unknown}
Potions
 a - a potion of beneficial mutation {unknown}
 i - 2 potions of flight {unknown}
 k - a potion of invisibility {unknown}
Comestibles
 d - 2 bread rations
 f - a meat ration
 j - 9 fruits
 q - a slice of pizza


   Skills:
 + Level 2.9 Fighting
 * Level 4.1 Axes
 + Level 2.5 Throwing
 + Level 3.1 Dodging
 + Level 1.0 Invocations


You had 3 spell levels left.
You didn't know any spells.

Dungeon Overview and Level Annotations

Branches:
Dungeon (3/15)

Altars:
Cheibriados
Gozag
Okawaru


Innate Abilities, Weirdness & Mutations

Your plain brown scales are hard (AC +5).
Your body does not fit into most forms of armour.
You are cold-blooded and may be slowed by cold attacks.


Message History

The gnoll hits you but does no damage.
You hit the goblin. You freeze the goblin.
You kill the goblin!
Okawaru accepts your kill.
The gnoll hits you from afar with a spear.
The gnoll hits you but does no damage.
You slash the gnoll! You freeze the gnoll.
You kill the gnoll!
Okawaru accepts your kill. The orc closely misses you.
You slash the orc! You freeze the orc.
You kill the orc!
Okawaru accepts your kill. The orc priest closely misses you.
A magic dart appears from out of thin air!
The magic dart hits you! Something hits you.
* * * LOW HITPOINT WARNING * * *
The orc priest hits you with a trident!
You die...

##########++++############# ..#
..........................# g.# ≈
≈≈≈≈≈≈≈≈≈≈....≈≈≈≈≈≈≈≈≈≈≈≈#####≈≈
≈≈≈≈≈≈≈≈≈≈....≈≈≈≈≈≈≈≈≈≈≈≈≈≈≈≈≈≈≈
≈≈≈≈≈≈≈≈≈≈....≈≈≈≈≈≈≈≈≈≈≈≈≈≈≈≈≈≈≈
o...........g....................
...........o..g.>..##############
#################o<#
...?......@..## ###########.†.#
#...# ##).# #..# #..# ##.## #..#
#..#


You could see an orc priest.

Vanquished Creatures
  An adder (D:2)
  3 gnolls
  2 dart slugs
  A worm (D:2)
  A giant gecko (D:2)
  5 orcs (D:3)
  A ball python (D:1)
  2 giant cockroaches (D:2)
  9 goblins
  8 hobgoblins
  4 jackals (D:3)
  2 quokkas
  7 bats
  2 giant newts
  6 kobolds
  4 rats
58 creatures vanquished.

Notes
Turn   | Place    | Note
--------------------------------------------------------------
     0 | D:1      | namelastname112 the Draconian Gladiator began the quest for the Orb.
     0 | D:1      | Reached XP level 1. HP: 17/17 MP: 1/1
   163 | D:1      | Reached XP level 2. HP: 17/24 MP: 2/2
   550 | D:1      | Reached XP level 3. HP: 30/30 MP: 3/3
   660 | D:2      | Found an opulent altar of Gozag.
   662 | D:2      | Found a snail-covered altar of Cheibriados.
   662 | D:2      | Found an iron altar of Okawaru.
   676 | D:2      | Became a worshipper of Warmaster Okawaru
   779 | D:2      | epen: В чём плюхи дэс найта?
   989 | D:2      | Reached XP level 4. HP: 32/37 MP: 4/4
  1050 | D:2      | Found a faded altar to an unknown god.
  1063 | D:2      | jacquesderrida: deng
  1063 | D:2      | namelastname112: кого?
  1063 | D:2      | namelastname112: death knight?
  1063 | D:2      | epen: da
  1063 | D:2      | namelastname112: их убрали так-то
  1063 | D:2      | namelastname112: просто с иредом стартовали
  1063 | D:2      | jacquesderrida: EPIN
  1454 | D:3      | Reached skill level 4 in Axes
  1457 | D:3      | Reached skill level 1 in Invocations
  1643 | D:3      | Slain by an orc priest

Vault maps used:
D:1:      minmay_arrival_four_houses
D:2:      gammafunk_temple_overflow_forgotten, ecumenical_altar_1, first_bread
D:3:      lemuel_castle_with_subvaults, uniq_grinder, uniq_natasha

Skill      XL: |  1  2  3  4 |
---------------+-------------+-----
Throwing       | 2 |  2.5
Dodging        | 3 |  3.1
Axes           | 4 |  4.1
Invocations    | 1 |  1.0
Fighting       | |  2.9

Action                   |  1- 3 |  4- 6 || total
-------------------------+-------+-------++-------
Melee: War axe           |   108 |    40 ||   148
  Eat: Chunk             |       |     2 ||     2
